Map: [ESL] Inside and Out

Players

Reynor - Winner!

  • Race: Zerg Zerg
  • League: Master
  • Spawn Location: 1:00

Astrea

  • Race: Protoss Protoss
  • League: Master
  • Spawn Location: 7:00

Event: HomeStory Cup XXII

VOD

Have the link to the VOD?

Description

Time

  • Played on: Dec. 18, 2022, 4:15 p.m.
  • Length: 16:43

All games in this series

Show
View Real Time Build Order
Export as new Build Order

Reynor Zerg - Winner!

Build Orders: Hatch First 

Get SALT Encoding   

  12  0:00  Drone  
  13  0:11  Overlord  
  13  0:16  Drone  
  14  0:30  Drone x2  
  16  0:44  Drone  
  17  0:52  Hatchery  
  17  0:55  Drone  
  17  0:58  Drone  
  18  1:09  Extractor  
  17  1:13  Spawning Pool  
  17  1:17  Drone  
  17  1:21  Drone  
  18  1:28  Drone  
  19  1:38  Drone  
  20  1:48  Overlord  
  20  2:00  Queen  
  22  2:04  Queen, Drone x2  
  26  2:10  Zergling x2  
  26  2:14  Metabolic Boost  
  26  2:15  Zergling x2  
  28  2:21  Drone  
  29  2:25  Drone  
  30  2:36  Hatchery  
  29  2:39  Drone  
  29  2:43  Zergling x2  
  31  2:45  Drone  
  31  2:49  Overlord  
  32  2:53  Drone  
  32  2:56  Queen  
  34  2:59  Drone  
  34  3:04  Spore Crawler  
  35  3:05  Drone  
  35  3:08  Drone  
  37  3:13  Drone x3  
  37  3:18  Overlord  
  40  3:21  Queen  
  40  3:23  Drone  
  43  3:29  Drone  
  44  3:36  Drone  
  44  3:38  Queen  
  44  3:41  Overlord  
  47  3:43  Drone  
  49  3:48  Drone  
  49  3:52  Drone  
  49  3:53  Roach Warren  
  49  3:56  Drone  
  49  3:59  Queen  
  51  4:05  Zergling x12  
  57  4:10  Zergling x2  
  57  4:12  Overlord  
  57  4:13  Zergling x4  
  60  4:18  Spore Crawler  
  60  4:20  Zergling x4  
  61  4:27  Overlord  
  61  4:35  Roach  
  61  4:36  Roach x5  
  74  4:40  Overlord  
  74  4:45  Drone x3  
  77  4:48  Overlord  
  77  4:56  Drone x2  
  77  4:57  Drone x2  
  81  5:00  Drone  
  81  5:01  Drone  
  81  5:02  Spore Crawler  
  81  5:04  Overlord  
  82  5:07  Drone x3  
  82  5:11  Spore Crawler  
  82  5:19  Drone x2  
  77  5:23  Drone x3  
  77  5:24  Drone  
  78  5:29  Lair  
  78  5:31  Drone x2  
  78  5:35  Spore Crawler, Drone  
  79  5:37  Drone, Extractor  
  79  5:42  Drone  
  81  5:43  Queen  
  81  5:45  Drone x2  
  84  5:51  Drone  
  84  5:52  Queen  
  84  5:53  Evolution Chamber  
  85  5:57  Drone x3  
  85  5:58  Drone x2  
  85  6:03  Overlord  
  90  6:06  Drone, Extractor  
  90  6:07  Drone  
  90  6:10  Drone x3  
  94  6:12  Extractor  
  94  6:13  Extractor  
  94  6:15  Overlord  
  92  6:19  Drone x2  
  92  6:22  Zerg Melee Weapons Level 1  
  92  6:25  Queen  
  94  6:27  Drone x2  
  94  6:28  Drone, Hatchery  
  94  6:31  Drone x2  
  100  6:33  Drone  
  100  6:34  Extractor  
  100  6:43  Baneling Nest, Glial Reconstitution  
  100  6:44  Drone  
  100  6:49  Overseer  
  100  6:51  Overlord  
  100  6:59  Zergling x2, Roach x5  
  100  7:00  Zergling x4  
  113  7:03  Overlord x2  
  113  7:07  Overlord  
  113  7:10  Overlord  
  113  7:13  Zergling x2, Roach x4  
  122  7:17  Overlord  
  120  7:24  Zergling x8  
  120  7:25  Zergling x4  
  120  7:26  Centrifugal Hooks  
  124  7:31  Zergling x2  
  124  7:35  Zergling x8  
  124  7:37  Zergling x6  
  131  7:38  Zergling x2  
  131  7:40  Zergling x4  
  135  7:47  Drone x2, Spire  
  136  7:51  Ravager  
  136  7:52  Ravager  
  136  7:54  Drone x2  
  136  7:57  Queen  
  142  8:01  Zergling x10  
  142  8:03  Drone  
  142  8:04  Drone  
  142  8:05  Drone x2  
  149  8:06  Drone  
  149  8:10  Overlord  
  149  8:11  Zergling x2  
  151  8:15  Zergling x4  
  151  8:16  Zergling x8  
  151  8:18  Zerg Melee Weapons Level 2  
  151  8:19  Drone x2  
  159  8:22  Overlord  
  159  8:24  Drone  
  160  8:30  Drone x3  
  160  8:32  Overlord, Extractor x2  
  158  8:39  Drone x4  
  162  8:42  Drone x3  
  162  8:44  Overlord  
  164  8:49  Baneling x8  
  164  8:52  Ravager  
  165  8:58  Mutalisk  
  165  8:59  Mutalisk x6  
  165  9:00  Mutalisk  
  181  9:03  Mutalisk  
  181  9:05  Hatchery  
  181  9:07  Mutalisk  
  181  9:09  Mutalisk  
  192  9:18  Spore Crawler  
  192  9:20  Mutalisk  
  192  9:21  Mutalisk  
  194  9:24  Zergling x10  
  194  9:34  Mutalisk  
  194  9:35  Mutalisk x2  
  194  9:36  Mutalisk x2  
  198  9:41  Drone x2  
  198  9:42  Drone x2  
  197  9:55  Infestation Pit  
  197  9:58  Evolution Chamber  
  195  10:01  Zerg Flyer Weapons Level 1  
  194  10:07  Baneling x17  
  194  10:18  Baneling x8  
  194  10:23  Spine Crawler  
  194  10:24  Baneling x3, Spine Crawler x2  
  194  10:25  Baneling x2  
  194  10:26  Zergling x18  
  200  10:29  Baneling  
  200  10:30  Baneling x4  
  182  10:43  Zergling x2  
  182  10:44  Zergling x38  
  182  10:46  Zergling x16  
  192  10:53  Zergling x2  
  177  10:58  Roach x6  
  177  11:01  Roach  
  177  11:02  Roach x2  
  173  11:07  Roach x3  
  158  11:12  Roach  
  158  11:13  Roach x2  
  146  11:18  Roach  
  146  11:19  Roach x6  
  146  11:22  Roach x2  
  134  11:27  Zergling x4, Roach x2  
  134  11:28  Zergling x4  
  134  11:29  Roach  
  134  11:32  Ravager x6  
  149  11:39  Roach  
  145  11:40  Roach x2  
  145  11:44  Roach  
  127  11:48  Roach  
  127  11:53  Roach  
  127  11:54  Roach  
  105  11:57  Mutalisk x3  
  101  12:02  Mutalisk x4  
  100  12:14  Mutalisk  
  62  12:42  Ravager  
  63  12:49  Ravager  
  64  13:00  Ravager  
  65  13:13  Drone  
  66  13:22  Drone  
  51  13:51  Drone x3  
  54  14:10  Drone  
  54  14:12  Roach  
  57  14:21  Roach  
  59  14:27  Roach  
  61  14:38  Roach  
  61  14:54  Roach  
  63  15:03  Roach  
  65  15:17  Roach  
  65  15:20  Roach  
  69  15:33  Roach x2  
  73  15:50  Roach  
  73  15:53  Drone  
  73  15:56  Drone x2  
  66  16:16  Zergling x8  
Show
View Real Time Build Order
Export as new Build Order

Astrea Protoss 

Build Orders: 1 Gate Expand, Zealot Archon, Dark Templar Rush 

Get SALT Encoding   

  12  0:00  Probe  
  13  0:12  Probe  
  14  0:16  Pylon  
  14  0:24  Probe (Chrono Boost)  
  16  0:36  Probe (Chrono Boost)  
  16  0:37  Gateway  
  16  0:42  Probe (Chrono Boost)  
  16  0:47  Assimilator  
  17  0:51  Probe  
  18  1:03  Probe  
  19  1:15  Probe  
  20  1:22  Nexus  
  20  1:27  Probe  
  21  1:35  Cybernetics Core  
  21  1:40  Assimilator  
  21  1:44  Probe  
  22  1:51  Pylon  
  22  1:56  Probe  
  23  2:08  Adept (Chrono Boost)  
  23  2:09  Probe (Chrono Boost)  
  23  2:12  Warp Gate  
  26  2:18  Probe (Chrono Boost)  
  26  2:19  Twilight Council  
  27  2:23  Probe (Chrono Boost)  
  28  2:30  Stalker (Chrono Boost)  
  28  2:35  Probe  
  28  2:36  Probe  
  32  2:47  Probe  
  32  2:49  Robotics Facility  
  32  2:50  Probe  
  34  2:59  Probe  
  34  3:03  Gateway  
  35  3:07  Gateway  
  35  3:09  Resonating Glaives (Chrono Boost)  
  35  3:11  Probe x2  
  37  3:22  Adept  
  37  3:23  Probe x2  
  41  3:29  Pylon  
  41  3:33  Warp Prism (Chrono Boost)  
  41  3:40  Probe x2  
  45  3:48  Assimilator  
  45  3:51  Dark Shrine  
  45  3:53  Probe  
  45  3:54  Probe  
  47  4:00  Adept x2  
  51  4:03  Adept  
  53  4:11  Probe  
  54  4:17  Pylon  
  54  4:26  Pylon  
  54  4:35  Adept x3, Probe  
  61  4:39  Probe  
  61  4:40  Pylon  
  62  4:56  Nexus  
  62  4:57  Probe  
  62  4:58  Pylon  
  63  5:03  Dark Templar x3  
  65  5:12  Probe  
  65  5:14  Immortal (Chrono Boost)  
  66  5:16  Probe  
  71  5:25  Probe  
  70  5:28  Assimilator  
  70  5:29  Probe  
  70  5:33  Pylon  
  71  5:36  Archon  
  71  5:37  Probe  
  71  5:41  Forge, Probe  
  73  5:46  Observer (Chrono Boost)  
  73  5:49  Probe  
  75  5:53  Probe  
  76  5:59  Blink (Chrono Boost)  
  76  6:01  Probe  
  76  6:02  Robotics Bay  
  77  6:06  Probe (Chrono Boost)  
  77  6:08  Gateway  
  77  6:09  Gateway  
  78  6:12  Shield Battery, Immortal (Chrono Boost)  
  78  6:15  Probe (Chrono Boost)  
  78  6:18  Probe (Chrono Boost)  
  85  6:22  Protoss Ground Weapons Level 1 (Chrono Boost)  
  85  6:23  Probe (Chrono Boost)  
  85  6:25  Probe (Chrono Boost)  
  87  6:28  Probe (Chrono Boost)  
  87  6:29  Probe (Chrono Boost)  
  87  6:30  Probe (Chrono Boost)  
  87  6:31  Assimilator  
  89  6:35  Assimilator  
  89  6:36  Probe  
  89  6:37  Probe  
  89  6:38  Gateway  
  91  6:41  Probe  
  92  6:48  Probe  
  92  6:49  Probe  
  92  6:54  Probe  
  95  6:55  Disruptor (Chrono Boost)  
  95  7:00  Probe  
  99  7:02  Probe  
  99  7:06  Photon Cannon  
  100  7:11  Gateway  
  100  7:12  Gateway  
  100  7:14  Dark Templar x4  
  107  7:27  Archon x2  
  107  7:31  Pylon  
  107  7:34  Pylon x2  
  107  7:38  Photon Cannon  
  107  7:46  Disruptor (Chrono Boost)  
  107  7:50  Nexus  
  110  7:52  Pylon  
  110  7:57  Charge (Chrono Boost)  
  110  8:04  Zealot x2, Dark Templar x4  
  118  8:05  Probe x2  
  118  8:06  Probe  
  118  8:10  Photon Cannon  
  118  8:12  Photon Cannon  
  121  8:13  Shield Battery  
  121  8:15  Observer  
  121  8:16  Archon x2, Photon Cannon, Pylon  
  121  8:17  Probe  
  121  8:18  Probe x2  
  121  8:19  Protoss Ground Weapons Level 2 (Chrono Boost)  
  125  8:30  Probe x2  
  127  8:35  Probe  
  127  8:36  Assimilator  
  127  8:38  Disruptor (Chrono Boost)  
  131  8:42  Probe x2, Assimilator  
  131  8:47  Probe  
  134  8:49  Dark Templar x2  
  134  8:51  Zealot x3, Sentry, Photon Cannon  
  134  8:53  Archon  
  147  8:55  Probe x2  
  147  8:59  Probe  
  149  9:05  Stalker x2  
  149  9:08  Disruptor, Pylon  
  156  9:10  Pylon  
  156  9:13  Gateway  
  156  9:17  Pylon  
  154  9:24  Dark Templar x2  
  154  9:25  Zealot x3  
  154  9:28  Archon  
  162  9:43  Disruptor  
  163  9:50  Stalker  
  163  9:51  Stalker x5  
  175  9:57  Pylon x2  
  175  10:11  Stalker x3  
  181  10:16  Templar Archives  
  181  10:20  Zealot x6  
  193  10:24  Nexus  
  193  10:28  Pylon  
  162  10:49  Stalker x3  
  151  10:50  Stalker x6  
  151  10:56  Disruptor  
  115  11:15  Dark Templar x5  
  115  11:16  Zealot x4  
  116  11:19  Archon x2  
  116  11:20  Probe x2  
  105  11:49  Cybernetics Core  
  105  11:50  Zealot x7  
  59  12:20  Probe x4  
  57  12:28  Probe  
  54  12:32  Probe  
  54  12:37  Probe x3  
  47  12:40  Probe, High Templar  
  47  12:41  High Templar x2  
  47  12:42  High Templar  
  53  12:44  Probe  
  53  12:45  Archon  
  53  12:46  Archon  
  53  12:49  Probe x3  
  56  12:52  Probe  
  56  12:56  Probe  
  56  12:57  Zealot  
  56  12:58  Zealot  
  60  13:03  Probe x2  
  59  13:28  Zealot x5  
  45  13:54  Dark Templar x2  
  45  14:01  Zealot x3  
  46  14:12  Probe (Chrono Boost)  
  41  14:18  Observer  
  36  14:30  Probe x3  
  39  14:46  Probe x3  
  40  15:00  Warp Prism (Chrono Boost)  
  42  15:07  Probe  
  42  15:12  High Templar x2  
  43  15:16  Archon  
  40  15:39  Probe (Chrono Boost)  
  41  15:49  Probe (Chrono Boost)  
  41  15:58  Probe  
  41  16:03  Observer  
  40  16:05  Probe  
  40  16:09  Probe  
  25  16:13  Observer  
  25  16:14  Probe  
  23  16:26  Probe  
Tags
 
Add a new tag
Caveats
  • Supply blocks, unpowered buildings, or Contaminate may cause inaccurate times.
  • Supply counts are checked every 10 seconds.